 Dungeon Crawl Stone Soup version 0.32-a0-673-g3729bd50f8 (webtiles) character file.

Game seed: 4590639025154353163

883 pisaster the Frost Mage (level 7, 0/47 HPs)
             Began as a Demonspawn Ice Elementalist on Mar 11, 2024.
             Was a Follower of Cheibriados.
             Killed from afar by a white imp (8 damage)
             ... with a puff of frost
             ... on level 6 of the Dungeon.
             The game lasted 00:18:30 (5659 turns).

pisaster the Frost Mage (DsIE)                      Turns: 5659, Time: 00:18:31

Health: 0/47       AC: 13    Str: 13    XL:     7   Next: 76%
Magic:  7/11       EV: 11    Int: 18    God:    Cheibriados [*.....]
Gold:   236        SH:  0    Dex: 19    Spells: 2/12 levels left

rFire   . . .        C - +0 shortbow
rCold   . . .        (shield currently unavailable)
rNeg    . . .        G - +0 ring mail
rPois   .            (no helmet)
rElec   .            k - +2 cloak
rCorr   +            r - +2 pair of gloves
SInv    +            (no boots)
Will    .....        w - amulet of magic regeneration
Stlth   ++           p - ring of see invisible
HPRegen 0.27/turn    q - ring of Brawling {Fly rCorr Str+2}
MPRegen 0.52/turn

%: no passive effects
@: about to teleport, freezing walls, flying, mesmerised, very slow
A: slimy green scales 1, powered by death 1, spiny 2
a: Renounce Religion, Bend Time


You were on level 6 of the Dungeon.
You worshipped Cheibriados.
Cheibriados was aware of your devotion.
You visited 2 branches of the dungeon, and saw 7 of its levels.

You collected 236 gold pieces.

Inventory:

Hand Weapons
 c - a +0 dagger
 h - a +0 hand axe
 n - a +3 quarterstaff of chaos
 C - a +0 shortbow (weapon)
 F - a +0 trident
Armour
 a - a +0 robe
 k - a +2 cloak (worn)
 r - a +2 pair of gloves (worn)
 G - a +0 ring mail (worn)
Jewellery
 p - a ring of see invisible (left hand)
 q - the ring of Brawling (right hand) {Fly rCorr Str+2}
   (You found it on level 3 of the Dungeon)

   [ring of flight]

   Str+2:     It affects your strength (+2).
   Fly:       It grants you flight.
   rCorr:     It protects you from acid and corrosion.
 w - an amulet of magic regeneration (around neck)
Scrolls
 d - a scroll of enchant armour
 f - 2 scrolls of blinking {unknown}
 g - a scroll of teleportation
 j - a scroll of fog
 m - 2 scrolls of revelation
 o - a scroll of torment {unknown}
 s - a scroll of enchant weapon
 u - a scroll of immolation {unknown}
 x - a scroll of fear {unknown}
 y - a scroll of amnesia {unknown}
 B - 2 scrolls of noise {unknown}
 E - a scroll of poison {unknown}
Potions
 b - a potion of magic
 e - 2 potions of lignification
 i - 2 potions of mutation
 l - a potion of might
 t - 2 potions of curing
 v - 2 potions of enlightenment
 z - a potion of resistance {unknown}
 D - a potion of ambrosia {unknown}


   Skills:
 + Level 0.9 Fighting
 - Level 1.7 Dodging
 - Level 3.0 Stealth
 - Level 3.0 Spellcasting
 - Level 2.0 Summonings
 - Level 8.0 Ice Magic


You had 2 spell levels left.
You knew the following spells:

 Your Spells              Type           Power      Damage    Failure   Level
a - Freeze                Ice            100%       1d10      1%          1
b - Frozen Ramparts       Ice            62%        1d10      4%          3
c - Ozocubu's Armour      Ice            31%        N/A       4%          3
d - Summon Ice Beast      Ice/Summ       20%        N/A       14%         3

Your spell library contained the following spells:

 Spells                   Type           Power      Damage    Failure   Level
 Fugue of the Fallen      Necr           2%         N/A       71%         3
 Gell's Gravitas          Tloc           2%         N/A       71%         3
 Teleport Other           Tloc           2%         N/A       71%         3
 Manifold Assault         Tloc           2%         N/A       98%         4
 Dispersal                Tloc           1%         N/A       100%        6


Dungeon Overview and Level Annotations

Branches:
Dungeon (6/15)             Temple (1/1) D:4

Altars:
Ashenzari
Cheibriados
Dithmenos
Fedhas
Hepliaklqana
Kikubaaqudgha
Nemelex Xobeh
Qazlal
Ru
Sif Muna
Uskayaw
Xom
Yredelemnul

Shops:
D:3 :

Annotations:
D:4 exclusions: 2 wights and 4 more exclusions
D:6 Maggie


Innate Abilities, Weirdness & Mutations

You are partially covered in slimy green scales. (AC +2)
You regenerate a little health from kills.
You are mostly covered in sharp spines.


Message History

You kill the scorpion!
Cheibriados appreciates the change of pace.
Training target 8.0 for Ice Magic reached!
Your Ice Magic skill increases to level 8!
You need to enable at least one skill for training.
Magic restored.
The frozen ramparts melt away.
Found a ring mail.
You see here a +0 ring mail.
Unknown command.
Unknown command.
G - a +0 ring mail You start removing your armour.
You continue removing your +0 robe. x4
You finish removing your +0 robe.
You start putting on your armour.
You continue putting on your +0 ring mail. x5
You finish putting on your +0 ring mail.
Unknown command.
There is a stone staircase leading up here.
You see here a +0 club.
Found a robe.
You see here a +0 quarterstaff.
Things that are here:
a +0 dagger; a +0 robe Done exploring.
Done exploring.
Things that are here:
a +0 dagger; a +0 robe
There is a stone staircase leading down here.
You fly downwards.
There is a stone staircase leading up here.
Maggie the Vainglorious comes into view.
She is wielding a +0 halberd and carrying a wand of quicksilver.
Found a scroll of identify.
Maggie shouts!
Maggie zaps a wand.
The bolt of dispelling energy hits you!
Casting: Frozen Ramparts (dangerous; 4% risk of failure)
Confirm with . or Enter, or press ? or * to list all spells.
A film of ice covers your body!
Casting: Ozocubu's Armour (dangerous; 4% risk of failure)
Confirm with . or Enter, or press ? or * to list all spells.
Casting: Frozen Ramparts (dangerous; 4% risk of failure)
Press: ? - help, Dir - look around, f - activate The walls around you are covered in ice.
Maggie zaps a wand.
The bolt of dispelling energy hits you!
Your magical effects are unravelling.
Okay, then.
Unknown command.
Your icy armour cracks and falls away as you move.
The frozen ramparts melt away as you move.
Maggie mumbles some strange words.
Maggie attempts to bespell you!
You are mesmerised by Maggie!
Maggie hits you from afar with a +0 halberd.
Casting: Frozen Ramparts (dangerous; 4% risk of failure)
Confirm with . or Enter, or press ? or * to list all spells.
Casting: Frozen Ramparts (dangerous; 4% risk of failure)
Press: ? - help, Dir - look around, f - activate The walls around you are covered in ice.
The wall freezes Maggie.
Maggie hits you but does no damage.
That's the wrong kind of item! (Use * to select it.) Fire/throw/use which item? ([*] to toss any item) (? for menu, Esc to quit)
Okay, then.
Unknown command.
Throw: 2 darts (poison)
Press: ? - help, Shift-Dir - straight line, f - Maggie
Aim: Maggie, wielding a +0 halberd, wearing +0 steam dragon scales and carrying a wand of quicksilver (lightly wounded, mesmerising, 57% to hit)
You throw a poisoned dart. The poisoned dart barely misses Maggie.
The wall freezes Maggie but does no damage.
Maggie hits you from afar with a +0 halberd.
Throw: dart (poison)
Press: ? - help, Shift-Dir - straight line, f/p - Maggie
Aim: Maggie, wielding a +0 halberd, wearing +0 steam dragon scales and carrying a wand of quicksilver (lightly wounded, mesmerising, 57% to hit)
You throw a poisoned dart.
The poisoned dart closely misses Maggie.
A white imp comes into view.
The wall freezes Maggie.
Maggie hits you from afar with a +0 halberd.
Okay, then.
Unknown command.
Okay, then.
Unknown command.
As you read the scroll of teleportation, it crumbles to dust.
You feel strangely unstable.
The wall freezes Maggie.
Maggie hits you from afar with a +0 halberd!
* * * LOW HITPOINT WARNING * * *
You cannot move away from Maggie!
There are monsters nearby!
The wall freezes Maggie.
Maggie barely misses you.
The white imp resists.
The wall freezes the white imp.
You shoot an arrow. The arrow barely misses the white imp.
The arrow hits Maggie but does no damage.
Maggie is moderately wounded.
The wall freezes Maggie.
Maggie hits you but does no damage.
The white imp completely resists.
The wall freezes the white imp but does no damage.
The white imp gestures at you. The puff of frost hits you!
You die...
Cheibriados appreciates the motionlessness of death.

##.. #..# ###..# #..#
...? ....# #..# ....
#..###..# .....
##...##..# .....
##........## ......
#...##.....### #....#
#.<##...#....##...#
#...##..##....@5@.(#
#...##...#.........##
#...##.............#..#
#.#....................#
#####....................
##...................
...................
...........#....


You could see Maggie (mesmerising) and a white imp.

Vanquished Creatures
  An ogre (D:4)
  3 scorpions
  2 hounds
  2 jellies
  2 orc priests
  A bombardier beetle (D:5)
  Crazy Yiuf (D:2)
  A sleepcap (D:4)
  Jessica (D:2)
  3 iguanas (D:4)
  5 orc wizards
  4 adders
  2 dart slugs
  A ribbon worm (D:5)
  15 orcs
  6 ball pythons
  7 endoplasms
  3 giant cockroaches
  5 goblins
  7 hobgoblins
  6 kobolds
  4 quokkas
  3 bats
  4 frilled lizards
  7 rats
96 creatures vanquished.

Notes
Turn   | Place    | Note
-------+----------+-------------------------------------------
     0 | D:1      | pisaster the Demonspawn Ice Elementalist began the quest
                  | for the Orb.
     0 | D:1      | Reached XP level 1. HP: 13/13 MP: 3/3
   210 | D:1      | Gained mutation: You are partially covered in slimy green
                  | scales. (AC +2) [demonic ancestry]
   210 | D:1      | Reached XP level 2. HP: 19/19 MP: 5/5
  1150 | D:2      | Noticed Jessica
  1245 | D:2      | Reached XP level 3. HP: 21/24 MP: 4/6
  1277 | D:2      | Learned a level 3 spell: Frozen Ramparts
  1391 | D:2      | Reached skill level 4 in Ice Magic
  1759 | D:2      | Found a runed translucent door.
  1760 | D:2      | Noticed Crazy Yiuf
  1768 | D:2      | Killed Crazy Yiuf
  2096 | D:2      | Killed Jessica
  2097 | D:2      | Reached XP level 4. HP: 30/30 MP: 3/7
  2177 | D:2      | Found a hide-covered altar of Uskayaw.
  2279 | D:3      | Reached skill level 5 in Ice Magic
  2536 | D:3      | Identified the ring of Brawling {Fly rCorr Str+2}
  2657 | D:3      | Gained mutation: You are partially covered in sharp spines.
                  | [demonic ancestry]
  2657 | D:3      | Reached XP level 5. HP: 35/35 MP: 4/8
  2749 | D:3      | Learned a level 3 spell: Ozocubu's Armour
  2756 | D:3      | Found Huulutt's Book Shop.
  2901 | D:3      | Found a faded altar of an unknown god.
  3137 | D:4      | Reached skill level 6 in Ice Magic
  3329 | D:4      | Found a staircase to the Ecumenical Temple.
  3338 | Temple   | Entered the Ecumenical Temple
  3354 | Temple   | Became a worshipper of Cheibriados the Contemplative
  3647 | D:4      | Gained mutation: You regenerate a little health from kills.
                  | [demonic ancestry]
  3647 | D:4      | Reached XP level 6. HP: 31/41 MP: 4/9
  3787 | D:4      | Reached skill level 7 in Ice Magic
  4349 | D:4      | Reached skill level 1 in Summonings
  4349 | D:4      | Gained mutation: You are mostly covered in sharp spines.
                  | [demonic ancestry]
  4349 | D:4      | Reached XP level 7. HP: 46/46 MP: 4/10
  4738 | D:5      | Entered Level 5 of the Dungeon
  4762 | D:5      | Reached * piety under Cheibriados
  4983 | D:5      | Found a basalt altar of Yredelemnul.
  5037 | D:5      | Learned a level 3 spell: Summon Ice Beast
  5492 | D:5      | Reached skill level 8 in Ice Magic
  5647 | D:6      | Noticed Maggie
  5659 | D:6      | Killed from afar by a white imp

Illustrated notes

Levels and vault maps discovered:
D:1:      onia_arrival_handbag, layout_basic, serial_co_window_serial,
          co_window_corner_a, co_window_corner_a, co_window_paths_a,
          co_window_of_opportunity_a, co_window_paths_b, co_window_broadway_a,
          co_window_2corner, co_window_2corner, co_window_paths_c,
          co_window_broadway_c, co_window_cross_2, glass_columns_b,
          glass_columns_b, glass_columns_a
D:2:      layout_loops_ring, basic_altar, uniq_jessica, uniq_crazy_yiuf_cottage
D:3:      layout_rooms, shapermc_ecumenical_altar_mp_urbaneastern, serial_shops,
          shop
D:4:      layout_layer_cave, lemuel_doored_altar, temple_pool_b,
          nicolae_the_louvre
D:5:      layout_loops_ring, nicolae_overflow_crystal_walls
D:6:      layout_layer_cave, mainiacjoe_overflow_brackets,
          chequers_temple_overflow_minitemple, lemuel_flamethrower_2,
          uniq_maggie, uniq_menkaure
Temple:   dpeg_chambers_temple

Skill      XL: |  1  2  3  4  5  6  7 |
---------------+----------------------+-----
Stealth        | 2 3 |  3.0
Ice Magic      | 4 5 6 7 8 |  8.0
Summonings     | 1 2 |  2.0
Spellcasting   | 3 |  3.0
Fighting       | |  0.9
Dodging        | |  1.7

Action                     |  1- 3 |  4- 6 |  7- 9 || total
---------------------------+-------+-------+-------++-------
  Melee: Dagger            |     6 |       |       ||     6
         Hand axe          |     7 |    20 |     1 ||    28
         Quarterstaff      |     1 |    28 |       ||    29
   Fire: Shortbow          |       |       |    24 ||    24
  Throw: Dart              |       |       |     2 ||     2
   Cast: Freeze            |    46 |    32 |       ||    78
         Frozen Ramparts   |     2 |    12 |    15 ||    29
         Ozocubu's Armour  |       |     5 |     5 ||    10
    Use: Scroll            |     5 |     1 |     5 ||    11
         Potion            |     1 |       |       ||     1
   Stab: Sleeping          |     2 |     2 |       ||     4
 Armour: Robe              |    20 |    35 |    15 ||    70
         Ring mail         |       |       |     9 ||     9
  Dodge: Dodged            |    30 |    33 |     9 ||    72

Table legend: (Time is in decaauts)
 A = Elapsed time spent in this place.
 B = Non-inter-level travel time spent in this place.
 C = Inter-level travel time spent in this place.
 D = Time resting spent in this place.
 E = Time spent auto-exploring this place.
 F = Levels seen in this place.
 G = Mean time per level.
                   A        B        C        D        E       F      G
               +--------+--------+--------+--------+--------+-----+--------+
         Total |   6306 |   6044 |    262 |    986 |   4069 |   7 |  900.9 |
       Dungeon |   6282 |   6029 |    253 |    986 |   4069 |   6 | 1047.0 |
        Temple |     24 |     15 |      9 |      0 |      0 |   1 |   24.0 |
               +--------+--------+--------+--------+--------+-----+--------+

Top non-repeatable levels by time:
     D:4: 1993 daAuts
     D:1: 1196 daAuts
     D:5: 1127 daAuts
     D:2: 1032 daAuts
     D:3: 895 daAuts
     D:6: 37 daAuts
  Temple: 24 daAuts

Action                     |  1- 3 |  4- 6 |  7- 9 || total
---------------------------+-------+-------+-------++-------
  Melee: Dagger            |     6 |       |       ||     6
         Hand axe          |     7 |    20 |     1 ||    28
         Quarterstaff      |     1 |    28 |       ||    29
   Fire: Shortbow          |       |       |    24 ||    24
  Throw: Dart              |       |       |     2 ||     2
   Cast: Freeze            |    46 |    32 |       ||    78
         Frozen Ramparts   |     2 |    12 |    15 ||    29
         Ozocubu's Armour  |       |     5 |     5 ||    10
    Use: Scroll            |     5 |     1 |     5 ||    11
         Potion            |     1 |       |       ||     1
   Stab: Sleeping          |     2 |     2 |       ||     4
 Armour: Robe              |    20 |    35 |    15 ||    70
         Ring mail         |       |       |     9 ||     9
  Dodge: Dodged            |    30 |    33 |     9 ||    72

Table legend: (Time is in decaauts)
 A = Elapsed time spent in this place.
 B = Non-inter-level travel time spent in this place.
 C = Inter-level travel time spent in this place.
 D = Time resting spent in this place.
 E = Time spent auto-exploring this place.
 F = Levels seen in this place.
 G = Mean time per level.
                   A        B        C        D        E       F      G
               +--------+--------+--------+--------+--------+-----+--------+
         Total |   6306 |   6044 |    262 |    986 |   4069 |   7 |  900.9 |
       Dungeon |   6282 |   6029 |    253 |    986 |   4069 |   6 | 1047.0 |
        Temple |     24 |     15 |      9 |      0 |      0 |   1 |   24.0 |
               +--------+--------+--------+--------+--------+-----+--------+

Top non-repeatable levels by time:
     D:4: 1993 daAuts
     D:1: 1196 daAuts
     D:5: 1127 daAuts
     D:2: 1032 daAuts
     D:3: 895 daAuts
     D:6: 37 daAuts
  Temple: 24 daAuts
